AoeStats
← IdliDosa

Arena

506468112Analyzed
3v3 RM · 18d ago on Sep 13, 2026· 75m 6s· 6 players
Game mode
Random Map
Map size
Normal (6 player)
Population
200
Speed
Normal
Resources
Standard
Victory
Conquest
Starting age
Dark Age
Ending age
Imperial Age
RankedLock teamsTeams togetherTeam positionsShared explorationLock speedFull tech treeHidden civsTurbo modeCheats
Victory
Defeat
🇳🇴 Georgians · Norway
1283
+13
🇳🇴 Malay · Norway
1253
+14
🇳🇴 Khitans · Norway
1143
+19
🇫🇷 Koreans · France
1246
-17
🇮🇳 Aztecs · India
1213
-15
🇳🇱 Slavs · Netherlands
1179
-14
sasha
10:50 Feudal Age
15:01 Castle Age
14:12 Double-Bit Axe
14:10 Horse Collar
18:09 Bow Saw
22:07 Heavy Plow
23:20 Stone Mining
23:37 Loom
24:36 Wheelbarrow
26:09 Hand Cart
26:33 Stone Shaft Mining
26:51 Town Watch
31:06 Imperial Age
29:04 Forging
28:47 Fletching
29:22 Ballistics
29:13 Masonry
29:24 Gold Mining
29:35 Treadmill Crane
30:34 Bodkin Arrow
31:33 Gold Shaft Mining
33:29 Bracer
34:33 Chemistry
34:00 Elite War Wagon
36:17 Eupseong
36:38 Conscription
38:58 Siege Engineers
39:24 Architecture
57:26 Forging
57:16 Scale Mail Armor
58:42 Iron Casting
57:30 Pikeman
58:12 Squires
58:19 Halberdier
59:57 Chain Mail Armor
62:00 Two-Man Saw
63:14 Plate Mail Armor
Giraffetietje
11:08 Feudal Age
11:33 Double-Bit Axe
11:29 Horse Collar
17:05 Castle Age
17:32 Wheelbarrow
18:43 Forging
18:38 Scale Barding Armor
18:47 Bloodlines
18:38 Husbandry
19:00 Bow Saw
22:21 Gold Mining
22:58 Man-at-Arms
23:39 Squires
24:17 Iron Casting
24:01 Loom
25:19 Stone Mining
26:13 Scale Mail Armor
25:36 Pikeman
25:38 Long Swordsman
28:40 Chain Mail Armor
37:01 Imperial Age
36:33 Gold Shaft Mining
38:42 Two-Man Saw
37:06 Capped Ram
37:13 Two-Handed Swordsman
38:01 Halberdier
39:05 Champion
40:28 Conscription
44:00 Blast Furnace
43:30 Plate Mail Armor
43:39 Siege Ram
56:12 Heavy Scorpion
57:18 Ballistics
57:58 Chemistry
57:04 Siege Engineers
60:20 Druzhina
61:57 Caravan
73:31 Chain Barding Armor
73:46 Light Cavalry
76:03 Plate Barding Armor
IdliDosa
11:41 Feudal Age
15:51 Castle Age
15:04 Double-Bit Axe
15:00 Horse Collar
16:45 Bow Saw
16:37 Heavy Plow
24:10 Squires
23:56 Arson
24:12 Loom
26:03 Wheelbarrow
26:11 Scale Mail Armor
26:22 Forging
27:08 Chain Mail Armor
27:38 Gold Mining
29:15 Iron Casting
30:13 Gold Shaft Mining
34:24 Imperial Age
33:31 Pikeman
34:49 Hand Cart
34:20 Town Watch
35:37 Conscription
35:49 Plate Mail Armor
36:19 Blast Furnace
36:57 Garland Wars
38:21 Crop Rotation
38:48 Gambesons
38:24 Man-at-Arms
39:33 Long Swordsman
40:10 Two-Handed Swordsman
56:23 Ballistics
58:24 Elite Skirmisher
60:07 Fletching
60:18 Padded Archer Armor
59:41 Crossbowman
60:59 Bodkin Arrow
61:56 Leather Archer Armor
62:27 Bracer
64:21 Chemistry
63:40 Arbalester
67:30 Caravan
murre69
9:57 Feudal Age
9:33 Double-Bit Axe
9:29 Horse Collar
12:52 Gold Mining
14:55 Wheelbarrow
17:50 Castle Age
16:35 Forging
16:35 Loom
16:50 Stone Mining
18:30 Bow Saw
19:10 Heavy Plow
20:20 Fletching
21:01 Bodkin Arrow
28:14 Iron Casting
30:14 Arson
35:32 Imperial Age
34:18 Gold Shaft Mining
34:18 Stone Shaft Mining
34:00 Padded Archer Armor
33:33 Crossbowman
33:34 Elite Skirmisher
35:18 Ballistics
35:52 Bracer
36:07 Leather Archer Armor
38:27 Thumb Ring
40:16 Arbalester
45:19 Hand Cart
44:51 Town Watch
46:38 Arbalester
51:32 Town Patrol
54:21 Ring Archer Armor
54:51 Blast Furnace
53:57 Scale Barding Armor
67:45 Chemistry
66:38 Guard Tower
68:51 Light Cavalry
69:31 Husbandry
68:53 Elite Battle Elephant
74:39 Bombard Tower
Eliit
10:54 Feudal Age
18:01 Castle Age
15:54 Double-Bit Axe
16:10 Domestication
17:17 Gold Mining
19:32 Pastoralism
20:40 Bow Saw
24:48 Scale Barding Armor
24:43 Scale Mail Armor
24:54 Forging
25:54 Husbandry
26:20 Stone Mining
30:31 Iron Casting
30:14 Chain Mail Armor
35:24 Chain Barding Armor
41:17 Imperial Age
43:52 Man-at-Arms
45:42 Fletching
46:23 Plate Mail Armor
46:29 Plate Barding Armor
51:41 Bodkin Arrow
51:46 Padded Archer Armor
54:21 Elite Steppe Lancer
55:06 Bracer
56:42 Gambesons
56:18 Long Swordsman
57:57 Two-Handed Swordsman
59:17 Champion
Dr_Kaufman
10:40 Feudal Age
12:21 Loom
15:35 Castle Age
14:31 Double-Bit Axe
14:39 Horse Collar
17:45 Bloodlines
18:57 Husbandry
23:42 Light Cavalry
25:39 Heavy Plow
25:50 Bow Saw
27:01 Wheelbarrow
30:53 Imperial Age
29:05 Scale Barding Armor
30:13 Chain Barding Armor
30:07 Forging
31:21 Fortified Wall
32:37 Conscription
33:29 Hand Cart
34:00 Plate Barding Armor
33:54 Town Watch
34:46 Iron Casting
35:23 Crop Rotation
34:46 Gold Mining
35:40 Fletching
37:10 Blast Furnace
35:59 Elite Skirmisher
37:46 Ballistics
37:22 Bodkin Arrow
39:13 Chemistry
38:14 Padded Archer Armor
38:16 Elite Monaspa
40:05 Aznauri Cavalry
40:19 Siege Engineers
50:42 Town Patrol
54:44 Bracer
55:00 Leather Archer Armor
58:50 Masonry
62:21 Caravan
64:57 Hussar
Connection lost

Rejoining the realm…

Still unreachable

The connection could not be restored.

Session expired

The server has moved on; the page needs a fresh start.